 Dungeon Crawl Stone Soup version 0.19-a0-2-g57af7d0 (webtiles) character file.

59 TheGoonsmith the Poker (level 4, -2/33 HPs)
             Began as a Merfolk Skald on Apr 27, 2016.
             Killed from afar by an orc wizard (8 damage)
             ... with a puff of flame
             ... on level 3 of the Dungeon.
             The game lasted 00:05:17 (1658 turns).

TheGoonsmith the Poker (Merfolk Skald)              Turns: 1658, Time: 00:05:18

Health: -2/33      AC:  3    Str: 12    XL:     4   Next: 3%
Magic:  4/7        EV:  6    Int: 12    God:
Gold:   103        SH:  0    Dex: 13    Spells: 3 memorised, 1 level left

rFire  . . .     SeeInvis .     a - +0 spear
rCold  . . .     Gourm    .     b - +0 leather armour
rNeg   . . .     Faith    .     (no shield)
rPois  .         Spirit   .     (no helmet)
rElec  .         Dismiss  .     (no cloak)
rCorr  .         Reflect  .     (no gloves)
SustAt .         Harm     .     (no boots)
MR     .....                    (no amulet)
Stlth  +.........               (no ring)
                                (no ring)

@: infused (expiring), not resistant to hostile enchantments, very unstealthy
A: change form in water, swift swim
a: no special abilities


You were on level 3 of the Dungeon.
You were not hungry.

You visited 1 branch of the dungeon, and saw 3 of its levels.

You collected 103 gold pieces.

Inventory:

Hand Weapons
 a - a +0 spear (weapon)
Armour
 b - a +0 leather armour (worn)
Scrolls
 e - 3 scrolls of identify {unknown}
 f - a scroll of fog {unknown}
 i - 2 scrolls of magic mapping {unknown}
 k - a scroll of enchant armour {unknown}
 m - a scroll of recharging {unknown}
 o - a scroll of noise {unknown}
Potions
 j - a potion of agility {unknown}
 l - a potion of resistance {unknown}
 q - a potion of degeneration {unknown}
Books
 c - a book of Battle

   Spells                             Type                      Level
   a - Infusion                       Charms                       1
   b - Shroud of Golubria             Charms/Translocation         2
   c - Song of Slaying                Charms                       2
   d - Spectral Weapon                Hexes/Charms                 3
   e - Regeneration                   Charms/Necromancy            3
Comestibles
 d - a bread ration
 g - 2 slices of pizza
 n - a meat ration
 p - a chunk of flesh


   Skills:
 - Level 2.1 Fighting
 - Level 6.0 Polearms
 - Level 0.6 Armour
 + Level 1.7 Dodging
 - Level 2.0 Spellcasting
 - Level 3.2 Charms


You had one spell level left.
You knew the following spells:

 Your Spells              Type           Power        Failure   Level  Hunger
a - Infusion              Chrm           #...         12%         1    ##.....
b - Regeneration          Chrm/Necr      #.........   58%         3    ####...
A - Shroud of Golubria    Chrm/Tloc      #.........   28%         2    ###....


Dungeon Overview and Level Annotations

Branches:
Dungeon (3/15)

Altars:
Ashenzari
Pakellas


Message History

You feel sick.
The orc wizard gestures at you while chanting.
The magic dart hits you!
* * * LOW HITPOINT WARNING * * *
Drink which item? (? for menu, Esc to quit)
It was a potion of curing.
You feel better. The orc wizard barely misses you. x2
You hit the orc wizard.
The orc wizard is heavily wounded.
The orc wizard points at you and mumbles some strange words.
The magic dart hits you!
* * * LOW HITPOINT WARNING * * *
Unknown command.
You hit the orc wizard but do no damage.
The orc wizard is heavily wounded.
The orc wizard hits you with a dagger.
* * * LOW HITPOINT WARNING * * *
The orc wizard hits you but does no damage.
The orc wizard points at you and mumbles some strange words.
The puff of flame hits you!
You die...

### #@#
#o#
.......o#
.......##
.......
.......
.......
.......
.......


You could see an orc wizard and an orc.

Vanquished Creatures
  An adder (D:2)
  A worm (D:2)
  A dart slug (D:2)
  3 giant geckos (D:2)
  An orc (D:3)
  A ball python (D:2)
  2 giant cockroaches (D:2)
  A hobgoblin (D:1)
  2 bats (D:2)
  3 giant newts (D:1)
  11 goblins
  3 kobolds (D:1)
  11 rats
41 creatures vanquished.

Vanquished Creatures (others)
  A lightning spire (D:2)
  3 bushes (D:2)
4 creatures vanquished.

Grand Total: 45 creatures vanquished

Notes
Turn   | Place    | Note
--------------------------------------------------------------
     0 | D:1      | TheGoonsmith the Merfolk Skald began the quest for the Orb.
     0 | D:1      | Reached XP level 1. HP: 16/16 MP: 3/3
   182 | D:1      | Reached skill level 4 in Polearms
   182 | D:1      | Reached XP level 2. HP: 22/22 MP: 0/5
   733 | D:2      | Learned a level 2 spell: Shroud of Golubria
   955 | D:2      | Reached skill level 5 in Polearms
   955 | D:2      | Reached XP level 3. HP: 27/27 MP: 3/6
   985 | D:2      | Learned a level 3 spell: Regeneration
  1091 | D:2      | Found an oddly glowing altar of Pakellas.
  1092 | D:2      | Noticed a sphinx
  1283 | D:2      | Found a shattered altar of Ashenzari.
  1504 | D:2      | Reached skill level 6 in Polearms
  1541 | D:2      | Reached XP level 4. HP: 33/33 MP: 7/7
  1658 | D:3      | Killed from afar by an orc wizard

Vault maps used:
D:1:      minmay_arrival_glassed_features
D:2:      ashenzari_conservatory_becter, gammafunk_pakellas_spire_experiment,
          serial_bayou_pond_a
D:3:      minmay_misc_feat_alley, st_stairs_5

Skill      XL: |  1  2  3 |
---------------+----------+-----
Polearms       | 4 5 6 |  6.0
Fighting       | |  2.1
Armour         | |  0.6
Dodging        | |  1.7
Spellcasting   | |  2.0
Charms         | |  3.2

Action                   |  1- 3 |  4- 6 || total
-------------------------+-------+-------++-------
Melee: Spear             |   113 |     9 ||   122
 Cast: Infusion          |    14 |     1 ||    15
  Use: Potion            |     1 |     1 ||     2
 Stab: Sleeping          |     1 |       ||     1
  Eat: Chunk             |     2 |     1 ||     3
Armor: Leather armour    |    20 |     1 ||    21
Dodge: Dodged            |    51 |     2 ||    53
